Map: Cerulean Fall LE

Players

SauceKoreaa - Winner!

  • Race: Protoss Protoss
  • League: Diamond
  • Spawn Location: 1:00

Woogie

  • Race: Zerg Zerg
  • League: Diamond
  • Spawn Location: 7:00

VOD

Have the link to the VOD?

Description

Didn't get enough probes after doing 2 drops each in the main and natural over 3 different times. Probably should have concentrated more on macro this game as after I'm done with my last drop, he masses archons and moves across and warps in enough zealots to wipe me out.

Time

  • Played on: Sept. 17, 2018, 5:11 p.m.
  • Length: 8:41
Show
View Real Time Build Order
Export as new Build Order

SauceKoreaa Protoss - Winner!

Build Orders: Zealot Archon 

Get SALT Encoding   

  12  0:00  Probe  
  13  0:13  Probe  
  14  0:18  Pylon  
  14  0:25  Probe  
  15  0:35  Probe  
  15  0:39  Gateway  
  16  0:44  Probe  
  16  0:46  Assimilator  
  17  0:52  Probe  
  18  1:04  Probe  
  19  1:16  Probe  
  19  1:17  Zealot  
  20  1:25  Gateway, Pylon  
  22  1:42  Probe  
  22  1:46  Assimilator  
  22  1:53  Cybernetics Core  
  22  1:58  Probe  
  23  2:12  Nexus  
  23  2:16  Probe  
  24  2:26  Gateway  
  24  2:30  Stalker, Warp Gate  
  24  2:32  Probe  
  27  2:45  Probe  
  27  2:51  Pylon  
  28  3:04  Probe  
  29  3:13  Twilight Council  
  29  3:15  Probe  
  30  3:21  Probe  
  30  3:23  Probe  
  30  3:25  Gateway  
  31  3:29  Probe  
  31  3:31  Probe  
  33  3:39  Probe  
  35  3:42  Probe  
  36  3:49  Robotics Facility  
  36  3:51  Probe  
  36  3:54  Probe, Assimilator  
  38  3:57  Assimilator  
  38  4:03  Probe  
  38  4:06  Probe  
  37  4:15  Probe  
  38  4:17  Adept  
  38  4:18  Probe  
  41  4:25  Charge  
  41  4:29  Probe  
  41  4:31  Probe  
  43  4:39  Templar Archives  
  43  4:42  Probe  
  43  4:43  Probe  
  45  4:50  Warp Prism  
  47  4:54  Probe  
  44  5:12  Probe  
  36  5:22  High Templar  
  36  5:24  Probe, Zealot x3  
  45  5:31  Probe  
  46  5:36  Probe  
  47  5:44  Probe  
  47  5:45  Gateway x2, High Templar  
  47  5:49  Archon  
  50  6:23  Gateway  
  50  6:28  Gateway  
  50  6:29  Pylon  
  50  6:32  Pylon  
  50  6:34  Pylon  
  50  6:36  Pylon  
  50  6:41  High Templar x2  
  50  6:45  Archon  
  54  6:50  Probe x2  
  56  7:02  Probe x2, High Templar x3  
  56  7:03  High Templar  
  56  7:05  Archon  
  56  7:07  Archon  
  66  7:12  Warp Prism  
  68  7:23  Pylon  
  68  7:24  Pylon  
  60  7:49  Zealot x7  
  60  7:50  Zealot  
  76  8:09  High Templar x2  
  76  8:10  High Templar x2  
  76  8:11  Zealot  
  76  8:12  Zealot x3  
  92  8:13  Archon  
  92  8:14  Archon  
Show
View Real Time Build Order
Export as new Build Order

Woogie Zerg 

Build Orders: Pool First 

Get SALT Encoding   

  12  0:01  Drone  
  13  0:09  Drone  
  14  0:25  Spawning Pool  
  13  0:33  Overlord  
  13  0:39  Drone  
  14  0:45  Extractor, Drone  
  14  0:51  Drone  
  15  0:58  Drone  
  16  1:09  Drone  
  17  1:12  Queen  
  17  1:17  Zergling x2  
  20  1:35  Drone  
  21  1:46  Hatchery  
  20  1:48  Drone  
  21  1:55  Lair  
  21  1:59  Drone  
  22  2:06  Overlord  
  22  2:23  Metabolic Boost  
  22  2:28  Zergling x2  
  22  2:29  Zergling x6  
  26  3:00  Zergling x2  
  26  3:01  Zergling x6  
  26  3:04  Pneumatized Carapace  
  30  3:05  Queen  
  32  3:17  Overlord x2  
  32  3:32  Baneling Nest  
  31  3:38  Drone  
  31  3:40  Drone x4  
  33  4:21  Baneling x3  
  33  4:22  Baneling  
  33  4:25  Baneling x2  
  33  4:32  Drone x6  
  33  4:36  Drone x3  
  42  4:43  Hatchery  
  38  5:10  Overlord x4  
  36  5:21  Baneling  
  36  5:22  Baneling  
  36  5:26  Overlord  
  36  5:30  Extractor  
  36  5:31  Drone x2  
  36  5:32  Extractor, Drone x2  
  38  5:37  Hydralisk Den  
  37  5:45  Drone x3  
  37  5:46  Drone x2  
  37  5:47  Zergling x6  
  45  5:50  Queen x2  
  48  6:09  Drone x5  
  53  6:16  Hydralisk x2  
  57  6:21  Zergling x4  
  59  6:40  Hydralisk x4  
  59  6:47  Extractor, Drone x2  
  68  6:48  Drone  
  68  6:49  Drone  
  70  7:02  Hydralisk  
  70  7:03  Hydralisk  
  70  7:05  Overlord x4  
  74  7:17  Extractor  
  73  7:22  Queen x3  
  73  7:29  Hydralisk x5  
  76  7:30  Hydralisk x2  
  68  7:46  Hydralisk  
  68  7:47  Hydralisk x2  
  72  7:53  Hydralisk  
  68  8:09  Zergling x2  
  68  8:10  Zergling x8, Roach Warren  
  68  8:16  Hydralisk  
Tags
 
Add a new tag
Caveats
  • Supply blocks, unpowered buildings, or Contaminate may cause inaccurate times.
  • Supply counts are checked every 10 seconds.